 Dungeon Crawl Stone Soup version 0.32-a0-306-gfed3edf829 (webtiles) character file.

Game seed: 8613851500872837734

8174 oldriver the Thaumaturge (level 11, 0/86 HPs)
             Began as a Demonspawn Conjurer on Feb 15, 2024.
             Was an Initiate of Gozag.
             Slain by a vampire
             ... wielding a +4 dagger of venom
              (8 damage)
             ... on level 10 of the Dungeon.
             The game lasted 00:15:57 (13794 turns).

oldriver the Thaumaturge (Demonspawn Conjurer)     Turns: 13794, Time: 00:15:58

Health: 0/86       AC:  5    Str: 15    XL:     11   Next: 6%
Magic:  22/25      EV: 12    Int: 22    God:    Gozag
Gold:   1414       SH:  4    Dex: 11    Spells: 20/31 levels left

rFire   . . .        h - +5 mace of the Snake Pit {venom, Stlth+}
rCold   . . .        (no shield)
rNeg    . . .        a - +1 robe
rPois   .            j - +2 hat
rElec   .            (no cloak)
rCorr   .            (gloves unavailable)
SInv    .            (no boots)
Will    .....        D - amulet of magic regeneration
Stlth   +++          g - +6 ring of strength
HPRegen 0.34/turn    (no ring)
MPRegen 0.59/turn

%: no passive effects
@: lethally poisoned (0 -> -17)
A: antennae 2, demonic guardian 1, condensation shield, demonic touch 3
a: Renounce Religion, Potion Petition, Call Merchant, Bribe Branch


You were on level 10 of the Dungeon.
You worshipped Gozag.
Gozag was most pleased with you.
You visited 2 branches of the dungeon, and saw 11 of its levels.
You also visited: Ossuary.

You collected 1945 gold pieces.
You spent 395 gold pieces at shops.
You paid 136 gold pieces to Gozag.

Inventory:

Hand Weapons
 h - the +5 mace of the Snake Pit (weapon) {venom, Stlth+}
   (You bought it in a shop on level 5 of the Dungeon)

   Stlth+:    It makes you more stealthy.
Armour
 a - a +1 robe (worn)
 j - a +2 hat (worn)
Jewellery
 d - a ring of fire
 g - a +6 ring of strength (left hand)
 D - an amulet of magic regeneration (around neck)
Wands
 n - a wand of iceblast (31)
 r - a wand of quicksilver (6)
 x - a wand of digging (2)
 y - a wand of charming (7)
Scrolls
 c - 3 scrolls of revelation
 m - 2 scrolls of teleportation
 t - 3 scrolls of enchant weapon
 u - 2 scrolls of identify
 w - a scroll of butterflies
 B - a scroll of fog {unknown}
 C - a scroll of immolation {unknown}
 E - 2 scrolls of torment {unknown}
Potions
 b - 3 potions of magic
 e - 2 potions of berserk rage
 f - 2 potions of invisibility
 i - 2 potions of brilliance
 k - 2 potions of resistance
 l - 5 potions of enlightenment
 o - 3 potions of attraction
 p - 3 potions of curing
 q - a potion of heal wounds {unknown}
 s - a potion of might {unknown}
 v - a potion of mutation {unknown}
 z - a potion of degeneration {unknown}
 A - 2 potions of lignification {unknown}


   Skills:
 + Level 7.8 Fighting
 + Level 0.4 Armour
 + Level 2.1 Dodging
 + Level 4.0 Stealth
 * Level 10.5 Spellcasting
 + Level 9.0 Conjurations
 + Level 4.0 Translocations
 - Level 2.0 Alchemy


You had 20 spell levels left.
You knew the following spells:

 Your Spells              Type           Power      Damage    Failure   Level
a - Magic Dart            Conj           100%       1d8       1%          1
b - Searing Ray           Conj           100%       2d8       1%          2
p - Fulminant Prism       Conj/Alch      17%        3d10      6%          4
z - Iskenderun's Mystic   Conj/Tloc      40%        2d9       3%          4

Your spell library contained the following spells:

 Spells                   Type           Power      Damage    Failure   Level
 Dazzling Flash           Conj/Hex       62%        N/A       2%          3
 Hailstorm                Conj/Ice       31%        3d8       2%          3
 Stone Arrow              Conj/Erth      62%        3d10      2%          3
 Mephitic Cloud           Conj/Alch/Air  27%        N/A       3%          3
 Sandblast                Erth           22%        2d7       6%          1
 Cigotuvi's Dreadful Rot  Necr/Alch/Air  28%        N/A       7%          2
 Call Imp                 Summ           22%        N/A       9%          2
 Ensorcelled Hibernation  Hex/Ice        22%        N/A       9%          2
 Sublimation of Blood     Necr           11%        N/A       9%          2
 Brom's Barrelling Bould  Conj/Erth      31%        2d5       9%          4
 Flame Wave               Conj/Fire      31%        2d9       9%          4
 Fugue of the Fallen      Necr           11%        N/A       17%         3
 Inner Flame              Hex/Fire       11%        N/A       17%         3
 Passwall                 Erth           11%        N/A       17%         3
 Summon Ice Beast         Ice/Summ       11%        N/A       17%         3
 Ignite Poison            Fire/Alch      15%        N/A       36%         4
 Sticky Flame             Fire/Alch      15%        2d5       36%         4
 Freezing Cloud           Conj/Ice/Air   12%        6-21      43%         5
 Anguish                  Hex/Necr       5%         N/A       50%         4
 Curse of Agony           Necr           11%        N/A       85%         5
 Silence                  Hex/Air        5%         N/A       85%         5
 Sculpt Simulacrum        Ice/Alch       7%         N/A       99%         6
 Summon Hydra             Summ           5%         N/A       100%        7


Dungeon Overview and Level Annotations

Branches:
Dungeon (10/15)            Temple (1/1) D:4            Lair (0/5) D:9
Ossuary (visited)
    Orc: D:9-12

Altars:
Ashenzari
Cheibriados
Dithmenos
Fedhas
Gozag
Hepliaklqana
Kikubaaqudgha
Makhleb
Nemelex Xobeh
Qazlal
Ru
Sif Muna
Trog
Uskayaw
Vehumet
Wu Jian
Xom
Yredelemnul

Shops:
D:5 (   D:6 :!


Innate Abilities, Weirdness & Mutations

You have a pair of antennae on your head.
A weak demonic guardian rushes to your aid.
A meltable shield of frost defends you. (SH +4)
Your touch may irresistibly damage your foes and sap their willpower.


Message History

Orders for allies: a - Attack new target. r - Retreat! s - Stop attacking. g - Guard the area. f - Follow me.
Anything else - Cancel.
Gang up on whom?
Press: ? - help, Dir - move target, f - orc warrior
Aim: an orc warrior, wielding a +0 dire flail and wearing a +0 plate armour (heavily wounded) Attack!
Your white imp barely misses something.
Something barely misses your white imp. Something bites your white imp.
Your white imp dies!
Your white imp disappears in a puff of smoke!
Casting: Iskenderun's Mystic Blast (dangerous; 3% risk of failure)
Confirm with . or Enter, or press ? or * to list all spells.
You can't see any susceptible monsters within range! (Use Z to cast anyway.) Unknown command.
Casting: Iskenderun's Mystic Blast (dangerous; 3% risk of failure)
Confirm with . or Enter, or press ? or * to list all spells.
Aiming: Searing Ray (safe; 1% risk of failure)
Press: ? - help, Shift-Dir - straight line, p - orc warrior The searing ray hits something. (Press . to maintain the ray.) Unknown command.
The searing ray hits something.
The searing ray hits something!
The searing ray hits the orc warrior.
The orc warrior is heavily wounded.
Something draws life force from you!
* * * LOW HITPOINT WARNING * * *
A demonic guardian appears!
The searing ray hits something!
The searing ray hits the orc warrior but does no damage.
The orc warrior is heavily wounded.
The searing ray hits the wight!
The wight is heavily damaged.
You finish channelling your searing ray.
Something hits you!
* * * LOW HITPOINT WARNING * * *
You are lethally poisoned!
Something bites you!
You die...
Your body crumbles into a pile of gold.

###### #..... #..... ######
#..... .....# #.....
.....#######################.....
.....'.........4@{o.zo)).).'.....
.....#######################.....
.....# #..... .....# #..o..
##)### #####' #.)### #. ##.).#
##### ###.# ############ #....
#####'### #........... #....


You could see an orc warrior (ally target), a wight, an orc and a friendly
hellwing (summoned).

Vanquished Creatures
  A two-headed ogre (D:9)
  Pikel (D:9)
  A manticore (D:9)
  Maggie (D:9)
  A troll (D:9)
  A hornet (D:8)
  A spriggan (D:7)
  2 wraiths
  8 yaks
  An acid dragon (D:8)
  2 orc warriors
  2 ice beasts (D:7)
  A sky beast (D:7)
  2 centaurs
  2 ogres
  3 lemures (D:9)
  3 phantoms (D:5)
  A kobold brigand (D:9)
  4 bullfrogs
  2 gnoll sergeants
  A scorpion (D:6)
  6 water moccasin zombies (Ossuary)
  13 wights
  A burial acolyte (Ossuary)
  10 killer bees
  8 howler monkeys
  2 orc priests
  A bombardier beetle (D:5)
  3 hounds
  A jelly (D:8)
  A sleepcap (D:5)
  5 orc wizards
  6 iguanas
  2 crocodile zombies (Ossuary)
  A bullfrog simulacrum (Ossuary)
  2 mummies (Ossuary)
  9 gnolls
  6 adders
  2 shadow imps (D:5)
  2 white imps
  4 ufetubi (D:6)
  2 adder zombies (Ossuary)
  2 dart slugs (D:3)
  3 ribbon worms
  25 orcs
  2 bats (D:1)
  7 endoplasms
  3 giant cockroaches (D:1)
  13 gnoll zombies (Ossuary)
  5 goblins
  12 hobgoblins
  4 jackals (D:1)
  9 kobolds
  3 quokkas
  5 ball pythons
  3 frilled lizards
  3 jackal zombies (Ossuary)
  4 orc zombies (Ossuary)
  3 rats
234 creatures vanquished.

Notes
Turn   | Place    | Note
-------+----------+-------------------------------------------
     0 | D:1      | oldriver the Demonspawn Conjurer began the quest for the
                  | Orb.
     0 | D:1      | Reached XP level 1. HP: 13/13 MP: 3/3
   167 | D:1      | Discovered your monstrous ancestry.
   167 | D:1      | Gained mutation: Your touch may inflict minor irresistible
                  | damage on your foes. [demonic ancestry]
   167 | D:1      | Reached XP level 2. HP: 20/20 MP: 1/5
   320 | D:1      | Reached skill level 1 in Fighting
   472 | D:1      | Reached XP level 3. HP: 26/26 MP: 4/7
   737 | D:1      | Reached skill level 3 in Spellcasting
  1209 | D:1      | Gained mutation: A meltable shield of frost defends you.
                  | (SH +4) [demonic ancestry]
  1209 | D:1      | Reached XP level 4. HP: 32/32 MP: 1/8
  1760 | D:2      | Learned a level 2 spell: Searing Ray
  2588 | D:3      | Reached XP level 5. HP: 37/38 MP: 5/10
  2717 | D:3      | Found a faded altar of an unknown god.
  3103 | D:4      | Found a shadowy altar of Dithmenos.
  3156 | D:4      | Found a sand-covered staircase.
  3168 | Ossuary  | Entered an ossuary
  3286 | Ossuary  | Reached skill level 4 in Spellcasting
  3305 | Ossuary  | Reached skill level 5 in Conjurations
  3305 | Ossuary  | Gained mutation: You have a pair of small antennae on your
                  | head. [demonic ancestry]
  3305 | Ossuary  | Reached XP level 6. HP: 10/46 MP: 0/12
  3640 | Ossuary  | Reached skill level 5 in Spellcasting
  3662 | Ossuary  | Gained mutation: You have a pair of antennae on your head.
                  | [demonic ancestry]
  3662 | Ossuary  | Reached XP level 7. HP: 35/52 MP: 2/14
  4257 | D:4      | Found a sparkling altar of Nemelex Xobeh.
  4463 | D:4      | Found a staircase to the Ecumenical Temple.
  4902 | D:4      | Identified a scroll of acquirement
  4902 | D:4      | Acquired 1058 gold pieces
  4915 | D:5      | Entered Level 5 of the Dungeon
  4981 | D:5      | Found Votzes's Antique Weapon Boutique.
  4990 | D:5      | Bought a dazzling mace for 200 gold pieces
  4990 | D:5      | Identified the +5 mace of the Snake Pit {venom, Stlth+}
                  | (You bought it in a shop on level 5 of the Dungeon)
  5310 | D:5      | Learned a level 4 spell: Fulminant Prism
  5315 | D:5      | Learned a level 4 spell: Iskenderun's Mystic Blast
  6243 | D:5      | Reached skill level 6 in Spellcasting
  6264 | D:5      | Reached skill level 1 in Alchemy
  6264 | D:5      | Gained mutation: Your touch may inflict irresistible damage
                  | on your foes. [demonic ancestry]
  6264 | D:5      | Reached XP level 8. HP: 17/60 MP: 8/17
  6311 | D:5      | Reached skill level 1 in Translocations
  6738 | D:6      | Found Zuuhal Ceulu's Book Shoppe.
  7187 | D:6      | Found Wusoro Neiph's Distillery.
  7191 | D:6      | Bought a potion of resistance for 150 gold pieces
  7191 | D:6      | Bought a potion of curing for 45 gold pieces
  7677 | D:6      | Reached skill level 7 in Spellcasting
  7919 | D:6      | Reached skill level 5 in Fighting
  8587 | D:7      | Gained mutation: Your touch may irresistibly damage your
                  | foes and sap their willpower. [demonic ancestry]
  8587 | D:7      | Reached XP level 9. HP: 68/68 MP: 14/20
  9157 | D:7      | Reached skill level 8 in Spellcasting
  9261 | D:7      | Found a broken altar of Ashenzari.
  9263 | D:7      | Found a bloodstained altar of Trog.
 10618 | D:8      | Reached skill level 9 in Spellcasting
 10618 | D:8      | Reached XP level 10. HP: 44/77 MP: 12/23
 11035 | Temple   | Entered the Ecumenical Temple
 11045 | Temple   | Became a worshipper of Gozag Ym Sagoz the Greedy
 11284 | D:9      | Noticed Maggie
 11297 | D:9      | Killed Maggie
 11442 | D:9      | Found a staircase to the Lair.
 11832 | D:9      | Found a burning altar of Makhleb.
 11832 | D:9      | Noticed a blizzard demon
 11907 | D:9      | Noticed a manticore
 11918 | D:9      | Killed a manticore
 11978 | D:9      | Noticed a two-headed ogre
 12639 | D:9      | Noticed Pikel
 12776 | D:9      | Reached skill level 10 in Spellcasting
 12931 | D:9      | Killed Pikel
 13131 | D:9      | Killed a two-headed ogre
 13324 | D:10     | Entered Level 10 of the Dungeon
 13352 | D:10     | Gained mutation: A weak demonic guardian rushes to your
                  | aid. [demonic ancestry]
 13352 | D:10     | Reached XP level 11. HP: 85/85 MP: 22/25
 13794 | D:10     | Slain by a vampire

Illustrated notes

Levels and vault maps discovered:
D:1:      heliophobic_arrival_battle_scene, layout_loops_ring
D:2:      layout_rooms
D:3:      layout_loops_ring, shapermc_ecumenical_altar_mp_ritualfount,
          minmay_misc_feat_chi
D:4:      layout_basic, minitemple, temple_doors_cd, enter_ossuary_1, hex_large
D:5:      minmay_chambers_of_threes, layout_layer_cave, serial_shops,
          nicolae_shop_overgrown_old_shop
D:6:      layout_basic, serial_shops, nicolae_shop_back_alley_shop,
          nicolae_shop_behind_doors
D:7:      layout_basic, mainiacjoe_overflow_big_doors, chequers_jeans,
          serial_bayou_pond_a, kennysheep_path_1, the_hattery
D:8:      layout_loops_corners
D:9:      layout_roguey, makhleb_altar_promises_db, dpeg_oklobed_lair,
          uniq_maggie, uniq_pikel
D:10:     layout_roguey, mainiacjoe_overflow_cross_hatched, david_orc_5,
          chequers_serial_rivers_small_a
Temple:   nicolae_temple_x_marks_the_god

Skill      XL: |  1  2  3  4  5  6  7  8  9 10 |
---------------+-------------------------------+-----
Fighting       | 1 2 3 4 5 6 7 |  7.8
Spellcasting   | 3 4 5 6 7 9 10 | 10.5
Conjurations   | 5 6 7 9 |  9.0
Alchemy        | 1 2 |  2.0
Translocations | 2 4 |  4.0
Stealth        | 2 4 |  4.0
Dodging        | 2 |  2.1
Armour         | |  0.4

Action                     |  1- 3 |  4- 6 |  7- 9 | 10-12 || total
---------------------------+-------+-------+-------+-------++-------
  Melee: Unarmed           |     8 |       |       |       ||     8
         Touch             |     1 |    12 |    17 |     1 ||    31
         Dagger            |     2 |    55 |    29 |       ||    86
         Mace              |       |       |    37 |     3 ||    40
   Cast: Magic Dart        |    56 |   126 |   266 |    66 ||   514
         Searing Ray       |       |     2 |    43 |    37 ||    82
         Iskenderun's Myst |       |       |       |    10 ||    10
    Use: Scroll            |       |     8 |    11 |       ||    19
         Potion            |       |       |       |     3 ||     3
 Armour: Robe              |     9 |    33 |   125 |    84 ||   251
  Dodge: Dodged            |    20 |    50 |   119 |    74 ||   263
  Block: Other             |       |     7 |    35 |    11 ||    53

Table legend: (Time is in decaauts)
 A = Elapsed time spent in this place.
 B = Non-inter-level travel time spent in this place.
 C = Inter-level travel time spent in this place.
 D = Time resting spent in this place.
 E = Time spent auto-exploring this place.
 F = Levels seen in this place.
 G = Mean time per level.
                   A        B        C        D        E       F      G
               +--------+--------+--------+--------+--------+-----+--------+
         Total |  13799 |  12896 |    903 |   1557 |   9521 |  12 | 1149.9 |
       Dungeon |  12768 |  11885 |    883 |   1167 |   9081 |  10 | 1276.8 |
        Temple |     20 |      1 |     19 |      0 |      0 |   1 |   20.0 |
       Ossuary |   1010 |   1010 |      0 |    390 |    440 |   1 | 1010.0 |
               +--------+--------+--------+--------+--------+-----+--------+

Top non-repeatable levels by time:
     D:5: 1863 daAuts
     D:8: 1861 daAuts
     D:7: 1797 daAuts
     D:6: 1642 daAuts
     D:1: 1262 daAuts
     D:9: 1206 daAuts
 Ossuary: 1010 daAuts
     D:3: 981 daAuts
     D:4: 898 daAuts
     D:2: 784 daAuts
    D:10: 470 daAuts
  Temple: 20 daAuts
